 Dungeon Crawl Stone Soup version 0.30.0-10-gfe55d96785 (webtiles) character file.

Game seed: 11416594633437725870

7 shadowrider38 the Caller (level 1, -1/13 HPs)
             Began as a Demonspawn Summoner on May 16, 2023.
             Slain by a quokka (3 damage)
             ... on level 1 of the Dungeon.
             The game lasted 00:00:44 (241 turns).

shadowrider38 the Caller (Demonspawn Summoner)       Turns: 241, Time: 00:00:45

Health: -1/13      AC:  2    Str:  8    XL:     1   Next: 91%
Magic:  2/3        EV: 12    Int: 16    God:
Gold:   36         SH:  0    Dex: 13    Spells: 3/4 levels left

rFire   . . .        a - +0 whip
rCold   . . .        (no shield)
rNeg    . . .        d - +0 robe
rPois   .            (no helmet)
rElec   .            (no cloak)
rCorr   .            (no gloves)
SInv    .            (no boots)
Will    .....        (no amulet)
Stlth   ++           (no ring)
HPRegen 0.22/turn    (no ring)
MPRegen 0.08/turn

%: no passive effects
@: no status effects
A: no striking features
a: no special abilities


You were on level 1 of the Dungeon.
You visited 1 branch of the dungeon, and saw 1 of its levels.

You collected 36 gold pieces.

Inventory:

Hand Weapons
 a - a +0 whip (weapon)
Armour
 d - a +0 robe (worn)
Scrolls
 c - a scroll of immolation {unknown}
 e - a scroll of brand weapon {unknown}
Potions
 b - a potion of magic
 f - a potion of curing {unknown}


   Skills:
 - Level 1.7 Dodging
 - Level 1.7 Stealth
 + Level 2.3 Spellcasting
 + Level 4.2 Summonings


You had 3 spell levels left.
You knew the following spells:

 Your Spells              Type           Power      Damage    Failure   Level
a - Summon Small Mammal   Summ           60%        N/A       3%          1

Your spell library contained the following spells:

 Spells                   Type           Power      Damage    Failure   Level
 Call Imp                 Summ           30%        N/A       5%          2
 Call Canine Familiar     Summ           15%        N/A       11%         3
 Summon Guardian Golem    Hex/Summ       8%         N/A       26%         3
 Summon Lightning Spire   Summ/Air       8%         N/A       63%         4


Dungeon Overview and Level Annotations

Branches:
Dungeon (1/15)

Altars:


Message History

Your bat hits the ball python.
You swap places.
Found a stone staircase leading down.
Your bat hits the ball python.
Your bat barely misses the ball python.
Your bat hits the ball python.
The ball python dies!
The quokka misses you.
You barely miss the quokka.
Your bat closely misses the quokka. x2
A giant cockroach comes into view.
The quokka closely misses you.
You hit the quokka but do no damage.
Your bat closely misses the quokka.
The quokka completely misses you.
You hit the giant cockroach.
The giant cockroach is severely wounded.
Your bat hits the quokka but does no damage.
Your bat closely misses the quokka. x2
Your bat barely misses the giant cockroach.
The quokka misses you. The giant cockroach closely misses you.
You hit the giant cockroach but do no damage.
The giant cockroach is severely wounded.
Your bat barely misses the quokka.
Your bat misses the quokka. The quokka closely misses you.
The giant cockroach barely misses you.
Your bat misses the quokka. The quokka bites you.
The giant cockroach barely misses you.
You hit the giant cockroach but do no damage.
The giant cockroach is severely wounded.
Your bat closely misses the quokka. x2; The quokka completely misses you.
The giant cockroach bites you but does no damage.
You barely miss the giant cockroach.
The giant cockroach is severely wounded.
Your bat closely misses the quokka. x2; The quokka closely misses you.
The giant cockroach misses you.
You hit the giant cockroach.
You kill the giant cockroach!
Your bat barely misses the quokka.
The quokka barely misses you.
Your bat hits the quokka but does no damage.
The quokka bites you.
You closely miss the quokka. Your bat misses the quokka. The quokka bites you.
Your bat misses the quokka. You hit the quokka but do no damage.
Your bat closely misses the quokka.
The quokka bites you.
Your bat barely misses the quokka.
You barely miss the quokka. Your bat hits the quokka.
Your bat hits the quokka but does no damage.
The quokka bites you. x2
* * * LOW HITPOINT WARNING * * *
Your bat hits the quokka but does no damage.
You hit the quokka.
The quokka is heavily wounded.
Your bat closely misses the quokka.
Your bat hits the quokka. The quokka bites you.
You die...

..###. .#...####
#.......# .......# #####
# ...b.. #...#
.#.###...####...#
>.$...br.+......#
.......@.####...########
.......†..[.............
#.##..########.#####....
#.. #.....#.### ...
##....#.#.. ###.
##)..#.... # #........
#.......# #...)...#


You could see a quokka (ally target) and 2 friendly bats.

Vanquished Creatures
  A giant cockroach (D:1)
  A kobold (D:1)
  A goblin (D:1)
3 creatures vanquished.

Vanquished Creatures (collateral kills)
  A kobold (D:1)
  2 ball pythons (D:1)
  A frilled lizard (D:1)
  A rat (D:1)
5 creatures vanquished.

Grand Total: 8 creatures vanquished

Notes
Turn   | Place    | Note
-------+----------+-------------------------------------------
     0 | D:1      | shadowrider38 the Demonspawn Summoner began the quest for
                  | the Orb.
     0 | D:1      | Reached XP level 1. HP: 13/13 MP: 3/3
     2 | D:1      | Noticed an ogre
     6 | D:1      | Noticed a vine stalker
     6 | D:1      | Noticed a tengu
     8 | D:1      | Noticed a felid
     8 | D:1      | Noticed an elf
    10 | D:1      | Noticed a human
    10 | D:1      | Noticed a demigod
    12 | D:1      | Noticed an octopode
    12 | D:1      | Noticed a formicid
    14 | D:1      | Noticed a minotaur
    14 | D:1      | Noticed a troll
    16 | D:1      | Noticed a gargoyle
    18 | D:1      | Noticed a spriggan
    18 | D:1      | Noticed a vampire
    21 | D:1      | Noticed a ghoul
    21 | D:1      | Noticed a merfolk
    23 | D:1      | Noticed a draconian
    23 | D:1      | Noticed an armataur
    25 | D:1      | Noticed a meteoran
    27 | D:1      | Noticed a naga
    27 | D:1      | Noticed a minotaur
    29 | D:1      | Noticed an ogre
    29 | D:1      | Noticed an armataur
   241 | D:1      | Slain by a quokka

Illustrated notes

Levels and vault maps discovered:
D:1:      kb_arrival_jail, layout_basic

Action                     || total
---------------------------++-------
  Melee: Whip              ||    15
         Unarmed           ||    14
   Cast: Summon Small Mamm ||    11
 Armour: Robe              ||     4
  Dodge: Dodged            ||    31
